 Dungeon Crawl Stone Soup version 0.31-a0-1511-g961fd35ebc (webtiles) character file.

Game seed: 10258842850925718462

74 Azuregosa the Covert (level 4, -3/31 HPs)
             Began as an Octopode Delver on Dec 30, 2023.
             Was an Initiate of Gozag.
             Slain by an orc
             ... wielding a +1 morningstar of protection
              (14 damage)
             ... on level 3 of the Dungeon.
             The game lasted 00:04:00 (446 turns).

Azuregosa the Covert (Octopode Delver)               Turns: 446, Time: 00:04:01

Health: -3/31      AC:  1    Str: 11    XL:     4   Next: 28%
Magic:  4/4        EV: 13    Int: 14    God:    Gozag
Gold:   78         SH:  0    Dex: 13    Spells: 3/3 levels left

rFire   . .          .
                       - Unarmed
rCold   . . .        (no shield)
rNeg    . . .        (helmet restricted)
rPois   .            (no amulet)
rElec   .            (no ring)
rCorr   .            (no ring)
SInv    .            (no ring)
Will    .....        (no ring)
Stlth   +++++        (no ring)
HPRegen 0.25/turn    (no ring)
MPRegen 0.09/turn    (no ring)
                     (no ring)

%: no passive effects
@: gold aura
A: almost no armour, amphibious, 8 rings, camouflage 1, gelatinous body 1,
(nimble swimmer 1), tentacles
a: Renounce Religion, Potion Petition, Call Merchant, Bribe Branch


You were on level 3 of the Dungeon.
You worshipped Gozag.
Gozag was noncommittal.
You visited 2 branches of the dungeon, and saw 4 of its levels.

You collected 84 gold pieces.
You paid 6 gold pieces to Gozag.

Inventory:

Hand Weapons
 d - a +0 mace
Missiles
 b - 8 stones
Wands
 e - a wand of digging (3)
 h - a wand of flame (5)
Scrolls
 a - a scroll of fog
 c - a scroll of fear
 f - a scroll of enchant armour {unknown}
 i - a scroll of teleportation {unknown}
Potions
 g - a potion of attraction {unknown}


   Skills:
 - Level 3.0 Fighting
 - Level 2.0 Dodging
 + Level 8.8 Stealth
 - Level 2.0 Unarmed Combat


You had 3 spell levels left.
You didn't know any spells.
Your spell library was empty.

Dungeon Overview and Level Annotations

Branches:
Dungeon (5/15)             Temple (1/1) D:5

Altars:
Ashenzari
Elyvilon
Fedhas
Gozag
Hepliaklqana
Nemelex Xobeh
Qazlal
Ru
Sif Muna
Trog
Uskayaw
Vehumet
Wu Jian
Xom
Yredelemnul
Zin


Innate Abilities, Weirdness & Mutations

You cannot wear most types of armour.
You are amphibious.
You can wear up to eight rings at the same time.
Your skin changes colour to match your surroundings (Stealth+).
Your rubbery body absorbs attacks. (AC +1, EV +1)
((You are camouflaged when in or above water. (Stealth+)))
You have tentacles for arms and can constrict up to eight enemies at once.


Message History

You barely miss the adder.
The adder is moderately wounded.
You constrict the adder. The adder barely misses you.
You tentacle-slap the adder but do no damage.
The adder is heavily wounded.
You constrict the adder. The adder bites you.
You are poisoned.
The adder poisons you!
You tentacle-slap the adder.
The adder is severely wounded.
You constrict the adder.
You feel sick. The adder misses you.
You tentacle-slap the adder.
You kill the adder!
You feel sick.
The orc is distracted by your dazzling golden aura.
The ball python closely misses you. x2
You barely miss the ball python.
The orc shouts!
Your grab misses the ball python.
You feel sick. The ball python barely misses you. The ball python grabs you.
The ball python constricts you.
You tentacle-slap the ball python. Your grab misses the ball python.
You squeeze the ball python.
You kill the ball python!
You feel sick.
You feel sick.
You are no longer poisoned.
The orc is no longer distracted by gold.
The orc barely misses you.
You see here 19 gold pieces.
You tentacle-slap the orc but do no damage.
Your grab misses the orc. You squeeze the orc, but do no damage.
The orc is moderately wounded.
The orc barely misses you.
You tentacle-slap the orc. You grab the orc.
The orc is severely wounded.
You constrict the orc, but do no damage.
The orc hits you with a +1 morningstar of protection!
You die...
Your body crumbles into a pile of gold.

..# ...... .... #
#.# .$.... (..
#.#.# ...... ...
#.#.##.... ..
#.....#.# ##.#
#.....# #...
#.....#
...#...#####..[.#
......o@........#
.....#####.#....#
... #.#....# .
#......# ###...>#
##.#.# #.#.#
#...# .#..#


You could see an orc.

Vanquished Creatures
  An orc priest (D:5)
  3 adders
  5 orcs (D:4)
  3 ball pythons
  An endoplasm (D:3)
  A giant cockroach (D:3)
  A quokka (D:5)
15 creatures vanquished.

Notes
Turn   | Place    | Note
-------+----------+-------------------------------------------
     0 | D:5      | Azuregosa the Octopode Delver began the quest for the Orb.
     0 | D:5      | Reached XP level 1. HP: 16/16 MP: 1/1
    29 | D:5      | Reached skill level 7 in Stealth
    29 | D:5      | Reached XP level 2. HP: 18/21 MP: 2/2
    35 | D:5      | Found a staircase to the Ecumenical Temple.
    47 | D:5      | Reached skill level 8 in Stealth
    47 | D:5      | Reached XP level 3. HP: 17/26 MP: 3/3
    54 | Temple   | Entered the Ecumenical Temple
   166 | Temple   | Became a worshipper of Gozag Ym Sagoz the Greedy
   355 | D:3      | Reached XP level 4. HP: 20/31 MP: 4/4
   446 | D:3      | Slain by an orc

Illustrated notes

Levels and vault maps discovered:
D:3:      layout_rooms, mainiacjoe_overflow_alcove_1, ebering_ghost_rock_garden,
          minmay_misc_feat_iff, minmay_hedge_maze
D:4:      layout_loops_cross
D:5:      layout_cave_pools, okawaru_gym_becter, bloody_makhleb,
          minmay_temple_entry_proselytizer
Temple:   kb_temple_of_zot

Skill      XL: |  1  2 |
---------------+-------+-----
Stealth        | 7 8 |  8.8
Fighting       | |  3.0
Dodging        | |  2.0
Unarmed Combat | |  2.0

Action                     |  1- 3 |  4- 6 || total
---------------------------+-------+-------++-------
  Melee: Unarmed           |    39 |    16 ||    55
         Tentacles         |     7 |     5 ||    12
         Constrict         |    11 |     4 ||    15
         Punch             |     1 |       ||     1
    Use: Scroll            |     1 |       ||     1
         Potion            |     1 |       ||     1
   Stab: Sleeping          |     2 |       ||     2
 Armour: Skin              |    12 |     7 ||    19
  Dodge: Dodged            |    15 |    11 ||    26

Table legend: (Time is in decaauts)
 A = Elapsed time spent in this place.
 B = Non-inter-level travel time spent in this place.
 C = Inter-level travel time spent in this place.
 D = Time resting spent in this place.
 E = Time spent auto-exploring this place.
 F = Levels seen in this place.
 G = Mean time per level.
                   A        B        C        D        E       F      G
               +--------+--------+--------+--------+--------+-----+--------+
         Total |    429 |    429 |      0 |    161 |     10 |   4 |  107.2 |
       Dungeon |    407 |    407 |      0 |    154 |     10 |   3 |  135.7 |
        Temple |     22 |     22 |      0 |      7 |      0 |   1 |   22.0 |
               +--------+--------+--------+--------+--------+-----+--------+

Top non-repeatable levels by time:
     D:4: 156 daAuts
     D:5: 152 daAuts
     D:3: 99 daAuts
  Temple: 22 daAuts
